 Dungeon Crawl Stone Soup version 0.29-a0-617-g7a6b98fccd (webtiles) character file.

Game seed: 7872081509118024556

524 spaghetti the Grave Robber (level 7, 0/46 HPs)
             Began as a Mummy Necromancer on June 17, 2022.
             Slain by a komodo dragon (9 damage)
             ... on level 5 of the Dungeon.
             The game lasted 00:08:49 (5708 turns).

spaghetti the Grave Robber (Mummy Necromancer)      Turns: 5708, Time: 00:08:50

Health: 0/46       AC:  3    Str: 11    XL:     7   Next: 2%
Magic:  0/11       EV: 18    Int: 16    God:
Gold:   241        SH:  0    Dex: 19    Spells: 4/12 levels left

rFire   x . .      SeeInvis .   B - staff of cold {!astaff}
rCold   + + .      Faith    .   (no shield)
rNeg    + + +      Spirit   .   a - +1 robe
rPois   ∞          Reflect  .   (no helmet)
rElec   .          Harm     .   (no cloak)
rCorr   .          Rampage  .   (no gloves)
Will    .....                   (no boots)
Stlth   ++........              (no amulet)
HPRegen 0.15/turn               n - +6 ring of dexterity
MPRegen 0.12/turn               p - +4 ring of evasion

@: about to teleport
A: cold resistance 1, negative energy resistance 3, torment resistance 2, heat
vulnerability 1, in touch with death 1, no potions
a: no special abilities


You were on level 5 of the Dungeon.
You visited 1 branch of the dungeon, and saw 5 of its levels.

You collected 265 gold pieces.
You spent 24 gold pieces at shops.


Innate Abilities, Weirdness & Mutations

You are immune to poison.
Your flesh is cold resistant. (rC+)
You are immune to negative energy. (rN+++)
You are immune to unholy pain and torment.
You are vulnerable to heat. (rF-)
You are in touch with the powers of death.
You do not drink.


   Skills:
 + Level 4.1 Dodging
 - Level 1.5 Stealth
 + Level 3.1 Spellcasting
 + Level 6.9 Necromancy


You had 4 spell levels left.
You knew the following spells:

 Your Spells              Type           Power      Damage    Failure   Level
a - Necrotize             Necr           100%       1d9       1%          1
b - Vampiric Draining     Necr           37%        2d8       3%          3
c - Animate Dead          Necr           37%        N/A       11%         4

Your spell library contained the following spells:

 Spells                   Type           Power      Damage    Failure   Level
 Dispel Undead            Necr           37%        3d15      11%         4
 Magic Dart               Conj           8%         1d3       19%         1
 Sting                    Tmut/Pois      8%         1d3       19%         1
 Poisonous Vapours        Pois/Air       4%         N/A       28%         2
 Searing Ray              Conj           4%         2d4       28%         2
 Corpse Rot               Necr/Pois/Air  14%        N/A       56%         4
 Fulminant Prism          Conj/Hex       1%         3d6       88%         4
 Olgreb's Toxic Radiance  Pois           2%         N/A       88%         4
 Agony                    Necr           37%        N/A       28%         5
 Death Channel            Necr           18%        N/A       85%         6

Inventory:

Hand Weapons
 c - a +0 mace {mace}
   (You found it on level 1 of the Dungeon)
 d - a +0 club {mace}
   (You found it on level 1 of the Dungeon)
 e - a +0 mace {mace}
   (You found it on level 1 of the Dungeon)
 f - a +0 club {mace}
   (You took it off a goblin on level 1 of the Dungeon)
 g - a +0 short sword {short}
   (You took it off a kobold on level 1 of the Dungeon)
 i - a +0 short sword {short}
   (You took it off a kobold on level 1 of the Dungeon)
 j - a +0 mace {mace}
   (You found it on level 1 of the Dungeon)
 k - a +0 short sword {short}
   (You found it on level 1 of the Dungeon)
 l - a +0 club {mace}
   (You took it off a goblin on level 2 of the Dungeon)
 q - a +0 flail {mace}
   (You found it on level 3 of the Dungeon)
 r - a +0 dagger {short}
   (You took it off a kobold on level 2 of the Dungeon)
 w - a +0 dagger {short}
   (You took it off a kobold on level 3 of the Dungeon)
 y - a +0 hunting sling {sling}
   (You found it on level 3 of the Dungeon)
Missiles
 h - 127 stones (quivered) {throwing}
 m - 3 javelins {throwing}
 x - 10 poisoned darts {throwing}
 A - a throwing net {=f!fthrowing}
Armour
 a - a +1 robe (worn)
Magical Staves
 B - a staff of cold (weapon) {!astaff}
   (You took it off a goblin on level 3 of the Dungeon)
Jewellery
 n - a +6 ring of dexterity (left hand)
   (You found it on level 2 of the Dungeon)
 p - a +4 ring of evasion (right hand)
   (You found it on level 3 of the Dungeon)
Scrolls
 b - 3 scrolls of brand weapon
 o - a scroll of fog
 s - a scroll of enchant weapon
 t - 2 scrolls of vulnerability {!r!r}
 u - 2 scrolls of blinking {unknown}
 v - a scroll of poison

Dungeon Overview and Level Annotations

Branches:
Dungeon (5/15) Zot: 24281
 Temple: D:4-7

Altars:
Uskayaw
Xom

Shops:
D:4 ?

Annotations:
D:2 1 runed translucent door, Crazy Yiuf

#.##############
#.#............# ##
#.#.##########.# ..
#.#.######## #.#
#.###..........# #.# ...
.........#.##.#.# #.# ..
.####.####.##.#.# #.# ..
#......##.#.# #.# #.
#@###..##.#.# #.## #. ##l#
#..##.#.# #... +#.#+
##.Z###..#..#.# ####
..###...###...##......#.#
......8..........#.....>##
..###...###..............#
+#.#'l##..#.##.......#####
#. o..##.#.##...<#.......
#. #...#.#.##..#...#####.


You could see a komodo dragon (ally target) and a friendly hound skeleton.


Message History

Aim: a hound (heavily wounded, chance to affect: 88%)
You feel a surge of power!
The hound writhes in agony.
The hound completely misses you. 😕 MP[-1]
You lost 1 mp, and now have 0/10 mp.
Casting: Necrotize (safe; 1% risk of failure)
Confirm with . or Enter, or press ? or * to list all spells.
You don't have enough magic to cast this spell.
Casting: Necrotize (safe; 1% risk of failure)
Confirm with . or Enter, or press ? or * to list all spells.
You don't have enough magic to cast this spell.
Casting: Necrotize (safe; 1% risk of failure)
Confirm with . or Enter, or press ? or * to list all spells.
You don't have enough magic to cast this spell.
You hit the hound. The hound closely misses you. The hound misses you.
You barely miss the hound. The hound bites you.
The hound closely misses you. 😮 HP[-1]
You take 1 damage, and now have 30/41 hp.
You closely miss the hound. The hound misses you. The hound bites you. 😮 HP[-1]
You take 1 damage, and now have 29/41 hp.
You closely miss the hound. The hound barely misses you. The hound misses you.
You hit the hound but do no damage.
The hound bites you but does no damage. 😮 HP[+1] MP[+1]
Casting: Necrotize (safe; 1% risk of failure)
Confirm with . or Enter, or press ? or * to list all spells.
Aiming: Necrotize (safe; 1% risk of failure)
Press: ? - help, Shift-Dir - straight line, f/p - hound
Aim: a hound (almost dead, chance to affect: 88%)
You feel a surge of power!
The hound barely resists.
The hound stops to sniff the ground.
The hound barely misses you. The hound closely misses you. 😮 MP[-1]
You lost 1 mp, and now have 0/10 mp.
The hound misses you.
You aren't carrying any items that you can evoke.
The hound attacks as you move away! The hound bites you.
The hound barely misses you. 😮 HP[-1]
You take 1 damage, and now have 29/41 hp.
The hound attacks as you move away! The hound barely misses you.
The hound pauses to sniff the ground.
The hound misses you.
The hound closely misses you. 😮 HP[+1] MP[+1]
The hound completely misses you.
Casting: Necrotize (safe; 1% risk of failure)
Confirm with . or Enter, or press ? or * to list all spells.
Aiming: Necrotize (safe; 1% risk of failure)
Press: ? - help, Shift-Dir - straight line, f/p - hound
Aim: a hound (almost dead, chance to affect: 88%)
You feel a surge of power!
The hound writhes in agony.
You kill the hound!
The dead are walking!
You have reached level 7! 😮 HP[+4] MP[-1]
You now have 46 max hp (+5).
You regained 4 hp, and now have 34/46 hp.
You barely miss the orc.
Your hound skeleton bites the komodo dragon.
The orc barely misses you.
You hit the orc.
Your hound skeleton closely misses the komodo dragon.
Your hound skeleton barely misses the orc.
You hit the komodo dragon but do no damage.
Your hound skeleton bites the orc.
The komodo dragon barely misses you.
You hit the komodo dragon but do no damage.
Your hound skeleton bites the orc.
The orc dies!
The komodo dragon misses you.
You hit the komodo dragon but do no damage.
The komodo dragon bites you.
Your hound skeleton bites the komodo dragon but does no damage. 😮 HP[-2] MP[+1]
You take 2 damage, and now have 32/46 hp.
You hit the komodo dragon but do no damage.
Your hound skeleton bites the komodo dragon but does no damage.
The komodo dragon bites you!!
Ouch! That really hurt!
* * * LOW HITPOINT WARNING * * *
Your hound skeleton barely misses the komodo dragon.
The komodo dragon bites you.
* * * LOW HITPOINT WARNING * * *
😱 HP[-23]
You take 23 damage, and now have 9/46 hp.
MASSIVE DAMAGE!! (PAUSE)
You can't drink.
As you read the scroll of teleportation {@r4}, it crumbles to dust.
You feel strangely unstable.
Your hound skeleton closely misses the komodo dragon.
The komodo dragon barely misses you.
Casting: Necrotize (safe; 1% risk of failure)
Confirm with . or Enter, or press ? or * to list all spells.
Aiming: Necrotize (safe; 1% risk of failure)
Press: ? - help, Shift-Dir - straight line, f - komodo dragon
Aim: a komodo dragon (lightly wounded, ally target, chance to affect: 70%)
You feel a surge of power!
The komodo dragon struggles to resist.
Your hound skeleton bites the komodo dragon.
The komodo dragon bites you!
You die...

Skill      XL: |  1  2  3  4  5  6 |
---------------+-------------------+-----
Necromancy     | 5 6 |  6.9
Dodging        | 2 3 4 |  4.1
Spellcasting   | 3 |  3.1
Stealth        | |  1.5

Action                   |  1- 3 |  4- 6 |  7- 9 || total
-------------------------+-------+-------+-------++-------
Melee: Unarmed           |    26 |       |       ||    26
       Staff             |     6 |    44 |     6 ||    56
       Punch             |       |     2 |       ||     2
Throw: Stone             |     3 |       |       ||     3
 Cast: Necrotize         |    81 |   109 |     1 ||   191
  Use: Scroll            |       |    12 |     1 ||    13
Armor: Robe              |    10 |    14 |       ||    24
Dodge: Dodged            |    46 |    89 |     4 ||   139

Levels and vault maps discovered:
D:1:      nicolae_arrival_somewhat_less_tricky_arrival, layout_basic
D:2:      layout_basic, uniq_crazy_yiuf_cottage
D:3:      layout_rooms
D:4:      layout_loops_corners, gammafunk_temple_overflow_elements,
          serial_shops, nicolae_shop_window_shopping, uniq_robin
D:5:      cheibrodos_barr_body, layout_loops_ring, minmay_misc_feat_hallway

Notes
Turn   | Place    | Note
-------+----------+-------------------------------------------
     0 | D:1      | spaghetti the Mummy Necromancer began the quest for the
                  | Orb.
     0 | D:1      | Reached XP level 1. HP: 13/13 MP: 4/4
     0 | D:1      | magus.rc [v1.9.6]
   418 | D:1      | Reached XP level 2. HP: 19/19 MP: 3/5
  1145 | D:2      | You pick up a book of Decay and begin reading...
  1145 | D:2      | You add the spells Corpse Rot, Dispel Undead and Death
                  | Channel to your library.
  1342 | D:2      | Reached skill level 5 in Necromancy
  1342 | D:2      | Gained mutation: You are in touch with the powers of death.
                  | [Mummy growth]
  1342 | D:2      | Reached XP level 3. HP: 22/24 MP: 1/7
  1346 | D:2      | Learned a level 3 spell: Vampiric Draining
  1508 | D:2      | You fall into a shaft and drop 1 floor!
  2241 | D:2      | Found a runed translucent door.
  2242 | D:2      | Noticed Crazy Yiuf
  2666 | D:3      | Reached skill level 2 in Dodging
  2786 | D:3      | Reached XP level 4. HP: 19/30 MP: 1/8
  3786 | D:4      | Noticed Robin
  4072 | D:4      | Found Muyjal's Magic Scroll Boutique.
  4075 | D:4      | Bought a scroll of identify for 24 gold pieces
  4317 | D:4      | Found a shimmering altar of Xom.
  4317 | D:4      | Found a hide-covered altar of Uskayaw.
  4382 | D:4      | Reached XP level 5. HP: 35/35 MP: 5/9
  4385 | D:4      | Noticed a sky beast
  4616 | D:4      | Killed Robin
  4639 | D:4      | Reached skill level 6 in Necromancy
  4642 | D:4      | Killed a sky beast
  4643 | D:4      | Reached skill level 3 in Dodging
  4643 | D:4      | Reached XP level 6. HP: 34/41 MP: 2/10
  4752 | D:4      | You add the spells Sting, Poisonous Vapours and Olgreb's
                  | Toxic Radiance to your library.
  4783 | D:4      | Learned a level 4 spell: Animate Dead
  5148 | D:5      | Entered Level 5 of the Dungeon
  5551 | D:5      | You pick up a book of Conjurations {@e2} and begin
                  | reading...
  5551 | D:5      | You add the spells Magic Dart, Searing Ray and Fulminant
                  | Prism to your library.
  5674 | D:5      | Noticed a komodo dragon
  5683 | D:5      | Reached skill level 4 in Dodging
  5683 | D:5      | Reached skill level 3 in Spellcasting
  5701 | D:5      | Reached XP level 7. HP: 34/46 MP: 0/11
  5706 | D:5      | HP: 10/46 [komodo dragon (23)]
  5708 | D:5      | Slain by a komodo dragon

Vanquished Creatures
  A sky beast (D:4)
  A necrophage (D:5)
  2 scorpions
  A howler monkey (D:4)
  2 hounds
  Robin (D:4)
  4 adders
  2 worms (D:3)
  3 dart slugs
  3 orcs
  7 endoplasms
  2 giant cockroaches
  8 goblins
  9 hobgoblins
  11 jackals
  3 quokkas (D:2)
  7 ball pythons
  7 bats
  8 frilled lizards
  5 kobolds
  6 rats
93 creatures vanquished.

Vanquished Creatures (collateral kills)
  An adder (D:3)
  An orc (D:5)
  3 goblins
5 creatures vanquished.

Grand Total: 98 creatures vanquished

Table legend:
 A = Non-vault XP
 B = Vault XP
 C = Vault XP percentage of total XP
 D = Non-vault monster count
 E = Vault monster count
 F = Vault count percentage of total count
                 A         B        C        D         E       F
            +---------+---------+-------+---------+---------+-------
      Total |     588 |     161 |  21.5 |      82 |      16 |  16.3
            +---------+---------+-------+---------+---------+-------
        D:1 |      20 |       0 |   0.0 |      14 |       0 |   0.0
        D:2 |      49 |       0 |   0.0 |      24 |       0 |   0.0
        D:3 |      74 |       0 |   0.0 |      22 |       0 |   0.0
        D:4 |     344 |      36 |   9.5 |      19 |      13 |  40.6
        D:5 |     101 |     125 |  55.3 |       3 |       3 |  50.0
            +---------+---------+-------+---------+---------+-------

Illustrated notes

Table legend:
 A = Kills in this place as a percentage of kills in entire the game.
 B = Kills by you in this place as a percentage of kills by you in the entire game.
 C = Kills by friends in this place as a percentage of kills by friends in the entire game.
 D = Other kills in this place as a percentage of other kills in the entire game.
 E = Experience gained in this place as a percentage of experience gained in the entire game.
 F = Experience gained in this place divided by the number of levels of this place that you have seen.
                   A       B       C       D       E      F
               +-------+-------+-------+-------+-------+----------------------
         Total | 100.0 | 100.0 | 100.0 |   N/A | 100.0 | 149.8
       Dungeon | 100.0 | 100.0 | 100.0 |   N/A | 100.0 | 149.8
               +-------+-------+-------+-------+-------+----------------------

Table legend: (Time is in decaauts)
 A = Elapsed time spent in this place.
 B = Non-inter-level travel time spent in this place.
 C = Inter-level travel time spent in this place.
 D = Time resting spent in this place.
 E = Time spent auto-exploring this place.
 F = Levels seen in this place.
 G = Mean time per level.
                   A        B        C        D        E       F      G
               +--------+--------+--------+--------+--------+-----+--------+
         Total |   5717 |   5653 |     64 |    231 |   4838 |   5 | 1143.4 |
       Dungeon |   5717 |   5653 |     64 |    231 |   4838 |   5 | 1143.4 |
               +--------+--------+--------+--------+--------+-----+--------+

Top non-repeatable levels by time:
     D:4: 1697 daAuts
     D:2: 1230 daAuts
     D:1: 1143 daAuts
     D:3: 1080 daAuts
     D:5: 566 daAuts
